 Dungeon Crawl Stone Soup version 0.30.1-1-g62c8e00024 (webtiles) character file.

Game seed: 7670982739848982899

5826 Gorgoleon the Skirmisher (level 10, 0/46 HPs)
             Began as a Spriggan Hunter on July 16, 2023.
             Was a Follower of Okawaru.
             Killed from afar by an acid dragon (28 damage)
             ... with a splash of acid
             ... on level 10 of the Dungeon.
             The game lasted 00:29:28 (10245 turns).

Gorgoleon the Skirmisher (Spriggan Hunter)         Turns: 10245, Time: 00:29:28

Health: 0/46       AC:  6    Str:  7    XL:     10   Next: 51%
Magic:  12/12      EV: 21    Int: 11    God:    Okawaru [*.....]
Gold:   491        SH:  0    Dex: 23    Spells: 9/9 levels left

rFire   . . .        a - +3 shortbow
rCold   . . .        (shield currently unavailable)
rNeg    . . .        y - +0 steam dragon scales
rPois   .            g - +1 hat
rElec   .            (no cloak)
rCorr   .            (gloves unavailable)
SInv    +            (boots unavailable)
Will    +....        (no amulet)
Stlth   ++++         (no ring)
HPRegen 0.27/turn    (no ring)
MPRegen 0.13/turn

%: no passive effects
@: mighty, brilliant, very quick
A: very small, no large weapons, unfitting armour, see invisible, speed 3, horns
1, wild magic 1
a: Renounce Religion, Heroism


You were on level 10 of the Dungeon.
You worshipped Okawaru.
Okawaru was aware of your devotion.
You visited 2 branches of the dungeon, and saw 11 of its levels.

You collected 491 gold pieces.

Inventory:

Hand Weapons
 a - a +3 shortbow (weapon)
Armour
 c - a +2 robe
 d - the +1 cloak of Starlight {*Dazzle EV+4 Stlth--}
   (You found it on level 3 of the Dungeon)

   *Dazzle:   It may blind those who miss an attack against the wearer in melee
   combat.
   EV:        It affects your evasion (+4).
   Stlth:     It makes you much less stealthy.
 g - a +1 hat (worn)
 y - +0 steam dragon scales (worn)
Jewellery
 h - a ring of wizardry
 s - a ring of fire
 v - a ring of fire
 B - a +6 ring of dexterity
Wands
 q - a wand of iceblast (10)
 C - a wand of digging (6)
Scrolls
 b - 3 scrolls of immolation
 f - a scroll of teleportation
 k - a scroll of blinking
 l - 3 scrolls of magic mapping
 o - a scroll of poison
 r - 4 scrolls of enchant armour
Potions
 e - 2 potions of mutation
 i - 3 potions of heal wounds
 j - 2 potions of degeneration
 m - a potion of lignification
 n - 3 potions of curing
 p - a potion of haste
 t - a potion of berserk rage
 u - a potion of ambrosia
 w - a potion of cancellation
 x - a potion of resistance


   Skills:
 - Level 1.5 Fighting
 + Level 14.8 Ranged Weapons
 - Level 5.0 Dodging
 - Level 8.0 Stealth
 - Level 2.0 Invocations


You had 9 spell levels left.
You didn't know any spells.
Your spell library contained the following spells:

 Spells                   Type           Power      Damage    Failure   Level
 Beastly Appendage        Tmut           0%         N/A       43%         1
 Kiss of Death            Conj/Necr      0%         2d5       43%         1
 Magic Dart               Conj           0%         1d3       43%         1
 Sandblast                Erth           0%         2d4       43%         1
 Sting                    Tmut/Pois      0%         1d3       43%         1
 Passwall                 Tmut/Erth      0%         N/A       56%         2
 Poisonous Vapours        Pois/Air       0%         N/A       56%         2
 Wereblood                Tmut           0%         N/A       56%         2
 Confusing Touch          Hex            0%         N/A       78%         3
 Mephitic Cloud           Conj/Pois/Air  0%         N/A       78%         3
 Spider Form              Tmut/Pois      0%         N/A       78%         3
 Stone Arrow              Conj/Erth      0%         3d7       78%         3
 Dispel Undead            Necr           0%         3d6       99%         4
 Olgreb's Toxic Radiance  Pois           0%         N/A       99%         4
 Alistair's Intoxication  Tmut/Pois      0%         N/A       100%        5
 Borgnjor's Vile Clutch   Necr/Erth      0%         N/A       100%        5
 Eringya's Noxious Bog    Tmut/Pois      0%         N/A       100%        6
 Call Imp                 Summ           Unusable   N/A       N/A         2

Dungeon Overview and Level Annotations

Branches:
Dungeon (10/15)            Temple (1/1) D:7
   Lair: D:8-11         Orc: D:9-12

Altars:
Ashenzari
Cheibriados
Dithmenos
Elyvilon
Gozag
Hepliaklqana
Kikubaaqudgha
Makhleb
Nemelex Xobeh
Okawaru
Qazlal
Ru
Sif Muna
Trog
Uskayaw
Vehumet
Wu Jian
Xom
Yredelemnul
Zin
The Shining One

Shops:
D:9 ?


Innate Abilities, Weirdness & Mutations

You are very small and have problems with some larger weapons.
You are too small for most types of armour.
You have supernaturally acute eyesight. (SInv)
You cover ground extremely quickly. (Speed+++)
You have a pair of small horns on your head.
Your spells are a little harder to cast, but a little more powerful.


Message History

There is an open door here.
There is an open door here.
There is an open door here.
You open the door.
There is an open door here.
You open the door.
There is an open door here.
Done exploring.
There is an open door here.
There is an open door here.
There is a stone staircase leading down here.
You climb downwards.
Found 16 gold pieces.
There is a stone staircase leading up here.
Okay, then.
It was a potion of might.
You feel very mighty all of a sudden.
You don't know any spells.
It was a potion of brilliance.
You feel clever all of a sudden.
Found a stone staircase leading up.
You now have 470 gold pieces (gained 4).
You now have 491 gold pieces (gained 21).
An acid dragon comes into view.
Found a stone staircase leading down.
You shoot an arrow. The arrow hits the acid dragon.
The acid dragon roars!
The acid dragon is lightly wounded.
The acid dragon spits acid at you. The splash of acid hits you!!
You shoot an arrow. The arrow hits the acid dragon!
The acid dragon is severely wounded.
You shoot an arrow. The arrow hits the acid dragon!
The acid dragon is almost dead.
You shoot an arrow.
The arrow closely misses the acid dragon.
The acid dragon spits acid at you. The splash of acid hits you!!
Ouch! That really hurt!
You die...

....... ......
#...### ..
####.....# ..#
#..#.....#.# ....
#......#.#.#
....###.........#
#........<....#
#.......#@.##.#
#.............###.#
....###...###.......
.... #......<.#D.>
..# #..#...#.# ## ..
####...#...
#..##...# ..... ...#
#...####...


You could see an acid dragon (catching breath).

Vanquished Creatures
  A two-headed ogre (D:9)
  Sigmund (D:5)
  A vampire (D:9)
  4 wyverns
  8 yaks
  3 steam dragons
  Duvessa (D:6)
  2 orc warriors
  An ice beast (D:8)
  A sky beast (D:6)
  A black bear (D:6)
  2 ogres (D:5)
  A centaur (D:9)
  A bullfrog (D:5)
  Blork the orc (D:6)
  2 scorpions
  Dowan (D:6)
  4 wights (D:9)
  9 killer bees
  3 howler monkeys
  3 hounds
  6 orc priests
  2 iguanas
  A sleepcap (D:7)
  Natasha (thrice) (D:2)
  9 orc wizards
  6 adders
  19 gnolls
  A shadow imp (D:6)
  2 ufetubi (D:5)
  A worm (D:3)
  A dart slug (D:1)
  29 orcs
  5 ball pythons
  4 endoplasms
  5 giant cockroaches
  7 goblins
  4 hobgoblins
  7 jackals
  5 quokkas
  6 bats
  6 frilled lizards
  5 kobolds
  3 rats (D:1)
188 creatures vanquished.

Notes
Turn   | Place    | Note
-------+----------+-------------------------------------------
     0 | D:1      | Gorgoleon the Spriggan Hunter began the quest for the Orb.
     0 | D:1      | Reached XP level 1. HP: 10/10 MP: 2/2
     2 | D:1      | Noticed a demonspawn
     2 | D:1      | Noticed a meteoran
     4 | D:1      | Noticed a spriggan
     4 | D:1      | Noticed a troll
     6 | D:1      | Noticed a formicid
     6 | D:1      | Noticed an octopode
     8 | D:1      | Noticed a minotaur
    10 | D:1      | Noticed a vine stalker
    12 | D:1      | Noticed a gargoyle
    12 | D:1      | Noticed a naga
    14 | D:1      | Noticed a demigod
    14 | D:1      | Noticed a merfolk
    16 | D:1      | Noticed an elf
    16 | D:1      | Noticed an ogre
    18 | D:1      | Noticed a vampire
    18 | D:1      | Noticed a ghoul
    20 | D:1      | Noticed a draconian
    20 | D:1      | Noticed a tengu
    22 | D:1      | Noticed a felid
    24 | D:1      | Noticed a felid
    24 | D:1      | Noticed a human
    26 | D:1      | Noticed a vine stalker
    26 | D:1      | Noticed a tengu
   191 | D:1      | Reached XP level 2. HP: 14/14 MP: 3/3
   765 | D:2      | Reached XP level 3. HP: 5/18 MP: 4/4
   867 | D:2      | Noticed Natasha
   876 | D:2      | Killed Natasha
   877 | D:2      | Reached skill level 5 in Ranged Weapons
   887 | D:2      | Noticed Natasha
   907 | D:2      | Killed Natasha
   908 | D:2      | Reached XP level 4. HP: 7/22 MP: 5/5
   959 | D:2      | Noticed Natasha
   962 | D:2      | Killed Natasha
  1330 | D:2      | Reached XP level 5. HP: 25/25 MP: 6/6
  1420 | D:2      | Reached skill level 6 in Ranged Weapons
  1789 | D:3      | Found the +1 cloak of Starlight {*Dazzle EV+4 Stlth--}
  2149 | D:3      | Found a hazy altar of Hepliaklqana.
  2180 | D:3      | Found a faded altar of an unknown god.
  2392 | D:3      | Found a snail-covered altar of Cheibriados.
  3000 | D:4      | Found an opulent altar of Gozag.
  3038 | D:4      | Reached XP level 6. HP: 18/30 MP: 7/7
  3183 | D:4      | Reached skill level 7 in Ranged Weapons
  3661 | D:5      | Entered Level 5 of the Dungeon
  3886 | D:5      | Reached skill level 8 in Ranged Weapons
  3886 | D:5      | Reached XP level 7. HP: 33/33 MP: 8/8
  4106 | D:5      | Reached skill level 9 in Ranged Weapons
  4402 | D:5      | Noticed Sigmund
  4486 | D:5      | Killed Sigmund
  4601 | D:5      | Reached XP level 8. HP: 37/37 MP: 9/9
  4774 | D:5      | Reached skill level 10 in Ranged Weapons
  4953 | D:6      | Found a broken altar of Ashenzari.
  4974 | D:6      | Noticed Dowan
  4976 | D:6      | Noticed Duvessa
  5374 | D:6      | Killed Duvessa
  5684 | D:6      | Reached skill level 11 in Ranged Weapons
  5690 | D:6      | Noticed Blork the orc
  5694 | D:6      | Killed Blork the orc
  5787 | D:6      | Killed Dowan
  6152 | D:7      | Found a staircase to the Ecumenical Temple.
  6165 | Temple   | Entered the Ecumenical Temple
  7073 | D:7      | Gained mutation: You have a pair of small horns on your
                  | head. [potion of mutation]
  7073 | D:7      | Gained mutation: Your spells are a little harder to cast,
                  | but a little more powerful. [potion of mutation]
  7235 | D:7      | Reached skill level 12 in Ranged Weapons
  7235 | D:7      | Reached XP level 9. HP: 18/41 MP: 10/10
  7716 | D:8      | Reached skill level 5 in Stealth
  7866 | D:8      | Found an iron altar of Okawaru.
  7891 | D:7      | Reached skill level 13 in Ranged Weapons
  8135 | D:7      | HP: 2/41 [killer bee (4)]
  8139 | D:7      | Reached skill level 5 in Dodging
  8712 | D:8      | Became a worshipper of Warmaster Okawaru
  8957 | D:9      | Reached XP level 10. HP: 46/46 MP: 11/11
  8969 | D:9      | Reached skill level 14 in Ranged Weapons
  9386 | D:9      | Found a shimmering blue altar of Sif Muna.
  9588 | D:9      | Reached * piety under Okawaru
  9589 | D:9      | Reached skill level 1 in Invocations
  9704 | D:9      | Noticed a two-headed ogre
  9739 | D:9      | Killed a two-headed ogre
 10010 | D:9      | Found Kepsilat's Magic Scroll Shoppe.
 10219 | D:10     | Entered Level 10 of the Dungeon
 10245 | D:10     | Killed from afar by an acid dragon

Illustrated notes

Levels and vault maps discovered:
D:1:      kb_arrival_jail, layout_basic
D:2:      layout_loops_cross, uniq_natasha
D:3:      layout_basic, mainiacjoe_overflow_alcove_2, cheibrodos_worm_habitat,
          ebering_ecumenical_altar_mist
D:4:      layout_rooms, grunt_gozag_breadcrumbs, serial_curves, eino_curves_04,
          eino_curves_02
D:5:      layout_loops_corners, uniq_sigmund
D:6:      layout_basic, cheibrodos_ashenzari_chains, minmay_holes,
          dreamdust_gnoll_farm, uniq_blork_the_orc, uniq_duvessa
D:7:      layout_basic, minmay_temple_entry_large_hall, nicolae_hexahallways
D:8:      layout_cave_pools, lemuel_tele_altar
D:9:      layout_stronghold, lemuel_blue_sif_altar, serial_shops, shop,
          hangedman_decor_clover_reticule, grunt_decor_clamped
D:10:     hangedman_cross_cluster, layout_basic, fedhas_bush_and_centaur_altar,
          david_lair_shrubbed, bh_walls_and_bars
Temple:   nicolae_temple_bog_church

Skill      XL: |  1  2  3  4  5  6  7  8  9 10 |
---------------+-------------------------------+-----
Stealth        | 2 3 4 7 8 |  8.0
Dodging        | 3 5 |  5.0
Ranged Weapons | 5 6 8 9 12 13 14 | 14.8
Invocations    | 2 |  2.0
Fighting       | |  1.5

Action                     |  1- 3 |  4- 6 |  7- 9 | 10-12 || total
---------------------------+-------+-------+-------+-------++-------
   Fire: Shortbow          |    79 |   217 |   436 |   131 ||   863
    Use: Potion            |     1 |       |     7 |     2 ||    10
         Scroll            |       |     8 |     8 |       ||    16
 Armour: Robe              |       |    10 |     8 |       ||    18
         Steam dragon scal |       |       |     5 |     1 ||     6
  Dodge: Dodged            |    21 |    58 |   169 |    22 ||   270
